 Dungeon Crawl Stone Soup version 0.17.1-2-g5865329 (webtiles) character file.

34 ImaNewbie the Conjurer (level 3, -2/21 HPs)
             Began as an Octopode Conjurer on Jan 14, 2016.
             Slain by a worm (8 damage)
             ... on level 2 of the Dungeon.
             The game lasted 00:03:48 (1614 turns).

ImaNewbie the Conjurer (Octopode Conjurer)          Turns: 1614, Time: 00:03:48

Health: -2/21      AC:  1    Str:  7    XL:     3   Next: 31%
Magic:  7/7        EV: 12    Int: 18    God:
Gold:   64         SH:  0    Dex: 12    Spells: 2 memorised, 4 levels left

rFire  . . .     SeeInvis .     (no weapon)
rCold  . . .     Clarity  .     (no shield)
rNeg   . . .     SustAt   .     (helmet restricted)
rPois  .         Gourm    .     (no amulet)
rElec  .         Spirit   .     (no ring)
rCorr  .         Warding  .     (no ring)
rMut   .         Stasis   .     (no ring)
MR     .....                    (no ring)
Stlth  +++.......               (no ring)
                                (no ring)
                                (no ring)
                                (no ring)

@: starving, not resistant to hostile enchantments, fairly stealthy
A: almost no armour, amphibious, 8 rings, constrict 8, camouflage 1, gelatinous
body 1
a: no special abilities


You were on level 2 of the Dungeon.
You were starving.

You visited 1 branch of the dungeon, and saw 2 of its levels.

You collected 64 gold pieces.

Inventory:

Jewellery
 h - an uncursed ring of flight {unknown}
Scrolls
 c - 3 scrolls of recharging {unknown}
 e - a scroll of enchant weapon {unknown}
 g - 2 scrolls of identify {unknown}
 j - a scroll of fog {unknown}
Potions
 f - a potion of flight {unknown}
 i - a potion of agility {unknown}
Books
 a - a book of Conjurations

   Spells                             Type                      Level
   a - Magic Dart                     Conjuration                  1
   b - Searing Ray                    Conjuration                  2
   c - Dazzling Spray                 Conjuration/Hexes            3
   d - Fulminant Prism                Conjuration/Hexes            4
   e - Iskenderun's Mystic Blast      Conjuration                  4
   f - Iskenderun's Battlesphere      Conjuration/Charms           5
Comestibles
 b - 2 bread rations
 d - 3 fruits


   Skills:
 - Level 2.0 Dodging
 - Level 2.6 Stealth
 + Level 2.7 Spellcasting
 * Level 4.6 Conjurations


You had 4 spell levels left.
You knew the following spells:

 Your Spells              Type           Power        Failure   Level  Hunger
a - Magic Dart            Conj           ###.         2%          1    #......
b - Searing Ray           Conj           ###...       4%          2    ##.....


Dungeon Overview and Level Annotations

Branches:
Dungeon (2/15)

Altars:


Innate Abilities, Weirdness & Mutations

You cannot wear most types of armour.
You are amphibious.
You can wear up to eight rings at the same time.
You can use your tentacles to constrict eight enemies at once.
Your skin changes colour to match your surroundings (Stealth).
Your rubbery body absorbs attacks (AC +1).


Message History

The worm is lightly wounded.
You constrict the worm. The worm barely misses you.
You tentacle-slap the worm but do no damage.
The worm is lightly wounded.
You constrict the worm. The worm bites you!
Ouch! That really hurt!
You tentacle-slap the worm but do no damage.
The worm is lightly wounded.
You constrict the worm.
You tentacle-slap the worm but do no damage.
The worm is lightly wounded.
You constrict the worm. The worm bites you.
* * * LOW HITPOINT WARNING * * *
You tentacle-slap the worm but do no damage.
The worm is lightly wounded.
You constrict the worm. You barely miss the worm. You squeeze the worm.
The worm is moderately wounded.
You constrict the worm. The worm bites you!
You die...

#.# #.# ..# #.# #...#
### #.# #...#
#####'## #...#
#......# ###...#####
#......+ ..........
#.#..#.#
####......... #
####.# #...>.#.#.#.#
#.#######..@w......
#......##.#.#.#.#.#
.######.##.#........
......#.##(#.#.#.#.#
......#.##.#........
#......#.##.#.#.#.#.#
#......#.##.#........
.......#.##.###.##.#.
.......#'...#


You could see a worm.

Vanquished Creatures
  3 giant geckos (D:1)
  4 bats (D:1)
  5 hobgoblins (D:1)
  3 jackals (D:1)
  2 kobolds (D:1)
  A giant cockroach (D:1)
  3 goblins
  9 rats
30 creatures vanquished.

Notes
Turn   | Place    | Note
--------------------------------------------------------------
     0 | D:1      | ImaNewbie the Octopode Conjurer began the quest for the Orb.
     0 | D:1      | Reached XP level 1. HP: 11/11 MP: 3/3
     2 | D:1      | Noticed a tengu
     2 | D:1      | Noticed a gargoyle
     4 | D:1      | Noticed a felid
     4 | D:1      | Noticed a vine stalker
     6 | D:1      | Noticed a vampire
     6 | D:1      | Noticed an elf
     8 | D:1      | Noticed a spriggan
     8 | D:1      | Noticed a dwarf
    10 | D:1      | Noticed a draconian
    14 | D:1      | Noticed an octopode
    14 | D:1      | Noticed a naga
    16 | D:1      | Noticed a centaur
    16 | D:1      | Noticed a troll
    18 | D:1      | Noticed a ghoul
    18 | D:1      | Noticed a minotaur
    20 | D:1      | Noticed a formicid
    20 | D:1      | Noticed a demigod
    22 | D:1      | Noticed a human
    24 | D:1      | Noticed a demonspawn
    26 | D:1      | Noticed a merfolk
    26 | D:1      | Noticed an ogre
   165 | D:1      | Reached XP level 2. HP: 15/17 MP: 1/5
   169 | D:1      | Learned a level 2 spell: Searing Ray
   693 | D:1      | Reached XP level 3. HP: 21/21 MP: 1/6
  1614 | D:2      | Slain by a worm

Action                   || total
-------------------------++-------
Melee: Unarmed           ||    23
 Cast: Magic Dart        ||    49
 Stab: Sleeping          ||     2
